 Dungeon Crawl Stone Soup version 0.22.0-75-g3901e79 (webtiles) character file.

392 inc the Magician (level 6, 0/41 HPs)
             Began as a Mummy Fire Elementalist on Sept 13, 2018.
             Slain by a hound (2 damage)
             ... on level 4 of the Dungeon on Sept 14, 2018.
             The game lasted 00:06:45 (4028 turns).

inc the Magician (Mummy Fire Elementalist)          Turns: 4028, Time: 00:06:45

Health: 0/41       AC:  3    Str: 11    XL:     6   Next: 51%
Magic:  0/13       EV: 12    Int: 17    God:
Gold:   140        SH:  0    Dex: 12    Spells: 6/14 levels left

rFire    x . .     SeeInvis .   f - +2 dagger (venom)
rCold    + . .     Gourm    .   (no shield)
rNeg     + + +     Faith    .   a - +0 robe
rPois    ∞         Spirit   .   (no helmet)
rElec    .         Reflect  .   p - +0 cloak
rCorr    .         Harm     .   (no gloves)
MR       .....                  (no boots)
Stlth    ++........             (no amulet)
HPRegen  0.13/turn              (no ring)
MPRegen  0.13/turn              (no ring)

@: no status effects
A: no food or potions, fire vulnerability, cold resistance 1, negative energy
resistance 3, torment resistance, unbreathing
a: no special abilities


You were on level 4 of the Dungeon.
You were not hungry.

You visited 1 branch of the dungeon, and saw 4 of its levels.

You collected 140 gold pieces.

Inventory:

Hand Weapons
 c - a +0 whip
 f - a +2 dagger of venom (weapon)
Armour
 a - a +0 robe (worn)
 p - a +0 cloak (worn)
Scrolls
 d - 5 scrolls of teleportation
 h - a scroll of fog
 i - 4 scrolls of identify
 k - 3 scrolls of remove curse
 l - a scroll of blinking
 n - a scroll of enchant weapon
Potions
 b - 2 potions of might {unknown}
 e - 2 potions of curing {unknown}
 j - a potion of lignification {unknown}
 m - a potion of flight {unknown}
 o - a potion of cancellation {unknown}
Comestibles
 g - 6 rations


   Skills:
 - Level 1.5 Dodging
 - Level 1.5 Stealth
 + Level 4.7 Spellcasting
 - Level 4.0 Conjurations
 + Level 3.6 Fire Magic


You had 6 spell levels left.
You knew the following spells:

 Your Spells              Type           Power        Failure   Level  Hunger
a - Flame Tongue          Conj/Fire      ###..        3%          1    N/A
b - Conjure Flame         Conj/Fire      ###.....     9%          3    N/A
c - Sticky Flame          Conj/Fire      ###.....     30%         4    N/A

Your spell library contained the following spells:

 Spells                   Type           Power        Failure   Level  Hunger
 Throw Flame              Conj/Fire      ###...       4%          2    N/A
 Inner Flame              Hex/Fire       ##......     21%         3    N/A
 Fireball                 Conj/Fire      ###.......   63%         5    N/A

Dungeon Overview and Level Annotations

Branches:
Dungeon (4/15)
 Temple: D:4-7

Altars:

Annotations:
D:3 Grinder


Innate Abilities, Weirdness & Mutations

You do not eat or drink.
Your flesh is vulnerable to fire.
You are immune to poison.
Your flesh is cold resistant. (rC+)
You are immune to negative energy. (rN+++)
You are immune to unholy pain and torment.
You can survive without breathing.


Message History

You don't have enough magic to cast that spell.
Casting: Flame Tongue (safe; 3% risk of failure)
Confirm with . or Enter, or press ? or * to list all spells.
You don't have enough magic to cast that spell.
You hit the hound.
The hound is poisoned.
The hound is heavily wounded.
The hound bites you.
* * * LOW HITPOINT WARNING * * *
The hound barely misses you.
Okay, then.
You hit the hound.
The hound looks as sick as possible!
The hound is heavily wounded.
The hound bites you but does no damage.
Unknown command.
You hit the hound.
The hound is severely wounded.
The hound bites you.
* * * LOW HITPOINT WARNING * * *
The hound bites you.
You die...

#<....†........###
##...........
##....†.......##
##...........#
#............#
#............#
#...###.......#
##...........##
#...## ####....#
#...........## ...##
###.>.###...........#
.##
##...##..........## .
##...#.........##
#@..#........#
......h#...........#
..)...###.....###..#
.....# #..#### ..
...## ..## .# .## .
.#


You could see a hound.

Vanquished Creatures
  A scorpion (D:2)
  A bullfrog skeleton (D:4)
  Crazy Yiuf (D:3)
  An orc priest (D:3)
  A centaur skeleton (D:3)
  2 worker ants
  4 gnolls (D:3)
  4 adders
  An ooze (D:2)
  2 dart slugs
  2 leopard geckos (D:1)
  3 orcs
  3 ball pythons
  8 giant cockroaches
  10 goblins
  13 hobgoblins
  4 jackals (D:3)
  8 kobolds
  2 quokkas (D:2)
  9 bats
  5 frilled lizards
  8 rats
93 creatures vanquished.

Notes
Turn   | Place    | Note
-------+----------+-------------------------------------------
     0 | D:1      | inc the Mummy Fire Elementalist began the quest for the
                  | Orb.
     0 | D:1      | Reached XP level 1. HP: 13/13 MP: 4/4
    14 | D:1      | Reached skill level 1 in Conjurations
   237 | D:1      | Reached XP level 2. HP: 19/19 MP: 3/5
   912 | D:1      | Reached XP level 3. HP: 17/24 MP: 4/7
  1401 | D:2      | Noticed a scorpion
  1419 | D:2      | Killed a scorpion
  1419 | D:2      | Reached XP level 4. HP: 9/30 MP: 0/8
  2164 | D:2      | Reached XP level 5. HP: 33/35 MP: 4/9
  2169 | D:2      | Learned a level 3 spell: Conjure Flame
  2174 | D:2      | Learned a level 4 spell: Sticky Flame
  2564 | D:3      | Found a runed door.
  3099 | D:3      | Noticed Grinder
  3103 | D:3      | Reached XP level 6. HP: 26/41 MP: 8/12
  3753 | D:3      | Noticed Crazy Yiuf
  3765 | D:3      | Killed Crazy Yiuf
  4028 | D:4      | HP: 2/41 [hound (2)]
  4028 | D:4      | Slain by a hound

Skill      XL: |  1  2  3  4  5 |
---------------+----------------+-----
Conjurations   | 1 2 3 4 |  4.0
Spellcasting   | 4 |  4.7
Fire Magic     | 3 |  3.6
Dodging        | |  1.5
Stealth        | |  1.5

Action                   |  1- 3 |  4- 6 || total
-------------------------+-------+-------++-------
Melee: Unarmed           |     1 |       ||     1
       Dagger            |    16 |     9 ||    25
       Whip              |    10 |       ||    10
 Cast: Flame Tongue      |    60 |   138 ||   198
       Conjure Flame     |       |     2 ||     2
  Use: Scroll            |       |     7 ||     7
Armor: Robe              |    11 |    19 ||    30
Dodge: Dodged            |    51 |    64 ||   115
